 Dungeon Crawl Stone Soup version 0.31-a0-940-gdaa99269f9 (webtiles) character file.

Game seed: 10546108874822200789

36059 Bahuunn the Earth Mage (level 14, -4/99 HPs)
             Began as a Formicid Earth Elementalist on Oct 20, 2023.
             Was a High Priest of Vehumet.
             Shot with an arrow by a centaur warrior (17 damage)
             ... on level 1 of the Vaults.
             The game lasted 00:59:11 (20984 turns).

Bahuunn the Earth Mage (FoEE)                      Turns: 20984, Time: 00:59:12

Health: -4/99      AC:  8    Str: 11 (12) XL:     14   Next: 21%
Magic:  25/29      EV: 23    Int: 19      God:    Vehumet [*****.]
Gold:   415        SH:  0    Dex: 23 (24) Spells: 14/36 levels left

rFire   . . .        q - staff of earth
rCold   + . .        (no shield)
rNeg    . . .        M - +2 robe {rC+}
rPois   .            (helmet unavailable)
rElec   .            Q - +0 cloak
rCorr   .            h - +0 pair of gloves
SInv    +            (no boots)
Will    +....        K - amulet of faith
Stlth   +++          J - +6 ring of dexterity
HPRegen 0.36/turn    I - +5 ring of evasion
MPRegen 0.21/turn

%: faith
@: no status effects
A: permanent stasis, dig shafts and tunnels, antennae 3, four strong arms,
talons 1, iridescent scales 1, agile 1, deterioration 1
a: Dig, Shaft Self, Renounce Religion


You were on level 1 of the Vaults.
You worshipped Vehumet.
Vehumet was extremely pleased with you.
You visited 3 branches of the dungeon, and saw 17 of its levels.

You collected 943 gold pieces.
You spent 528 gold pieces at shops.

Inventory:

Missiles
 y - a throwing net
Armour
 g - a scarf of invisibility
 h - a +0 pair of gloves (worn)
 x - +0 steam dragon scales
 M - a +2 robe of cold resistance (worn)
 Q - a +0 cloak (worn)
Magical Staves
 q - a staff of earth (weapon)
Jewellery
 f - a ring of willpower
 i - a ring of protection from fire
 H - a ring of flight
 I - a +5 ring of evasion (right hand)
 J - a +6 ring of dexterity (left hand)
 K - an amulet of faith (around neck)
 L - an amulet of regeneration
 U - a ring of flight
Talismans
 e - a maw talisman
 s - a flux talisman
Wands
 p - a wand of flame (16)
 w - a wand of iceblast (4)
 N - a wand of digging (9)
 P - a wand of mindburst (7)
 T - a wand of paralysis (13)
Scrolls
 a - 2 scrolls of fog
 c - 3 scrolls of teleportation
 d - a scroll of torment
 j - 2 scrolls of silence
 m - a scroll of immolation {unknown}
 t - 6 scrolls of enchant weapon
 u - a scroll of enchant armour {unknown}
 C - 7 scrolls of vulnerability
 F - 4 scrolls of revelation {unknown}
 G - a scroll of fear {unknown}
 O - a scroll of poison {unknown}
 R - 2 scrolls of noise {unknown}
 S - 3 scrolls of identify
 V - a scroll of summoning {unknown}
 W - a scroll of blinking {unknown}
Potions
 b - a potion of magic
 k - 6 potions of curing
 l - 3 potions of haste
 n - a potion of resistance
 o - 4 potions of might
 r - 3 potions of mutation
 v - 5 potions of degeneration
 z - a potion of attraction
 A - 2 potions of enlightenment
 B - 2 potions of heal wounds
 D - a potion of invisibility
 E - a potion of lignification


   Skills:
 + Level 5.9 Fighting
 - Level 0.5 Staves
 * Level 7.4 Dodging
 - Level 2.4 Stealth
 + Level 11.9 Spellcasting
 - Level 9.2 Conjurations
 - Level 9.1 Transmutations
 * Level 16.1 Earth Magic
 + Level 5.5 Evocations


You had 14 spell levels left.
You knew the following spells:

 Your Spells              Type           Power      Damage    Failure   Level
a - Sandblast             Erth           100%       2d20      0%          1
b - Stone Arrow           Conj/Erth      100%       3d13      1%          3
c - Brom's Barrelling Bo  Conj/Erth      73%        2d9       1%          4
d - Petrify               Tmut/Erth      73%        N/A       1%          4
e - Magic Dart            Conj           100%       1d8       1%          1
f - Flame Wave            Conj/Fire      28%        2d9       2%          4
g - Arcjolt               Conj/Air       14%        1d24      7%          5

Your spell library contained the following spells:

 Spells                   Type           Power      Damage    Failure   Level
 Passwall                 Tmut/Erth      60%        N/A       1%          2
 Summon Small Mammal      Summ           44%        N/A       6%          1
 Ensorcelled Hibernation  Hex/Ice        22%        N/A       10%         2
 Call Canine Familiar     Summ           11%        N/A       19%         3
 Summon Guardian Golem    Hex/Summ       11%        N/A       19%         3
 Swiftness                Air            Unusable   N/A       N/A         3

Dungeon Overview and Level Annotations

Branches:
Dungeon (15/15)            Temple (1/1) D:7            Lair (0/5) D:11
    Orc (0/2) D:9          Vaults (1/5) D:13
 Depths: D:15

Altars:
Ashenzari
Cheibriados
Dithmenos
Elyvilon
Fedhas
Gozag
Hepliaklqana
Kikubaaqudgha
Makhleb
Nemelex Xobeh
Okawaru
Qazlal
Ru
Sif Muna
Trog
Uskayaw
Vehumet
Wu Jian
Xom
Yredelemnul
Zin
The Shining One

Shops:
D:3 (   D:4 (   D:6 (   D:10 =(**

Annotations:
D:9 2 transporters
D:12 exclusion: orange crystal statue


Innate Abilities, Weirdness & Mutations

You cannot be hasted, slowed, berserked, paralysed or teleported.
You can dig through walls and to a lower floor.
You have a pair of large antennae on your head. (SInv)
Your four strong arms can wield two-handed weapons with a shield.
You have sharp toenails.
You are partially covered in iridescent scales. (AC +2)
You are agile. (Dex +4, Str/Int -1)
Your body sometimes deteriorates upon taking damage.


Message History

The entropy weaver is almost dead.
The entropy weaver barely misses you.
The entropy weaver completely misses you.
The entropy weaver barely misses you. The entropy weaver hits you!
* * * LOW HITPOINT WARNING * * *
Aiming: Stone Arrow (safe; 1% risk of failure)
Press: ? - help, Q - select action, (/) - cycle Shift-Dir - straight line, f/p - entropy weaver
Aim: an entropy weaver (almost dead, 69% to hit)
You feel a surge of power!
The stone arrow hits the entropy weaver!
You kill the entropy weaver!
Vehumet accepts your kill.
You feel your power returning.
You start resting.
You are no longer corroded.
You start resting.
A centaur warrior comes into view.
The centaur warrior moves out of view.
You start resting.
A centaur warrior comes into view.
A centaur warrior is nearby!
A centaur warrior is nearby!
You start resting.
A centaur warrior is nearby!
A centaur warrior is nearby!
The centaur warrior shouts!
You hear a shout! x2
The centaur warrior wields a +0 orcbow.
The centaur warrior shoots an arrow.
The arrow barely misses you.
The centaur warrior shoots an arrow.
The arrow hits you!
Your body deteriorates!
You feel clumsy.
The centaur warrior shoots an arrow.
The arrow completely misses you.
You hear a shout! x2
The centaur warrior shoots an arrow.
The arrow hits you!
The centaur warrior shoots an arrow.
The arrow hits you!!
* * * LOW HITPOINT WARNING * * *
The centaur warrior shoots an arrow.
The arrow hits you!
* * * LOW HITPOINT WARNING * * *
The centaur warrior shoots an arrow.
The arrow misses you.
The centaur warrior shoots an arrow.
The arrow hits you!
You die...

...............†....####
..........{....c........
.............###..$.....
............## #........
...........## #........
....c.....## #........
.........## #........
........## #..######
....^..## #@.# ......##
#..# .....## #..# ....##
#..# ....# #..#
...##+##### #..#
...#......# ...#
...#......# ...#
...#......#


You could see a centaur warrior.

Vanquished Creatures
  A vault warden (Vaults:1)
  An ironbound thunderhulk (Vaults:1)
  An ettin (D:13)
  A fire dragon (D:14)
  An entropy weaver (Vaults:1)
  2 centaur warriors (D:13)
  2 boulder beetles
  2 two-headed ogres
  A tengu warrior (D:10)
  3 skeletal warriors (D:11)
  2 deep elf pyromancers
  4 cyclopes
  An ugly thing (D:12)
  A salamander (shapeshifter) (D:10)
  3 manticores
  Maurice (D:12)
  3 gargoyles
  Maggie (D:6)
  2 unseen horrors
  2 yaktaurs (Vaults:1)
  2 ice devils (D:12)
  A troll (D:10)
  Grinder (D:3)
  33 yaks
  2 shadows (D:11)
  3 wyverns
  11 slime creatures (D:13)
  3 basilisks
  2 wraiths
  6 vampire mosquitoes
  The ghost of hattop the Chiller, an amateur DrIE of Elyvilon (D:3)
  A steam dragon (D:6)
  2 redbacks (Vaults:1)
  Menkaure (D:6)
  3 acid dragons
  3 water moccasins
  5 orc warriors
  3 ice beasts
  4 black bears
  A wolf (D:11)
  2 ogres
  5 centaurs
  A phantom (D:5)
  3 kobold brigands
  4 bullfrogs
  4 scorpions
  2 gnoll sergeants (D:8)
  7 wights
  14 killer bees
  7 howler monkeys
  4 lava snakes (D:10)
  3 jellies
  4 hounds
  A gnoll bouda (D:5)
  13 orc priests
  Natasha (thrice) (D:2)
  9 orc wizards
  13 gnolls
  7 adders
  A worm (D:5)
  5 dart slugs
  37 orcs
  6 ball pythons
  8 endoplasms
  5 giant cockroaches
  4 goblins
  17 hobgoblins
  3 jackals (D:5)
  6 quokkas
  3 training dummies (D:4)
  3 frilled lizards
  19 kobolds
  10 rats
356 creatures vanquished.

Vanquished Creatures (collateral kills)
  6 boulders (D:10)
6 creatures vanquished.

Grand Total: 362 creatures vanquished

Notes
Turn   | Place    | Note
-------+----------+-------------------------------------------
     0 | D:1      | Bahuunn the Formicid Earth Elementalist began the quest for
                  | the Orb.
     0 | D:1      | Reached XP level 1. HP: 13/13 MP: 3/3
   264 | D:1      | Reached XP level 2. HP: 19/19 MP: 2/5
   311 | D:1      | Reached skill level 4 in Earth Magic
   452 | D:1      | Reached XP level 3. HP: 24/24 MP: 5/7
  1164 | D:2      | Reached XP level 4. HP: 29/30 MP: 3/8
  1237 | D:2      | Noticed Natasha
  1239 | D:2      | Killed Natasha
  1886 | D:2      | Noticed Natasha
  1889 | D:2      | Killed Natasha
  1890 | D:2      | Reached skill level 1 in Conjurations
  1890 | D:2      | Reached skill level 5 in Earth Magic
  1890 | D:2      | Reached XP level 5. HP: 35/35 MP: 6/10
  1894 | D:2      | Learned a level 3 spell: Stone Arrow
  2003 | D:2      | Noticed Natasha
  2006 | D:2      | Killed Natasha
  2114 | D:3      | Found a large runed translucent door.
  2147 | D:3      | Found a large runed translucent door.
  2152 | D:3      | Noticed hattop's ghost (amateur DrIE)
  2439 | D:3      | Found Xarer's Antique Weapon Shoppe.
  2683 | D:3      | Noticed Grinder
  2687 | D:3      | Killed Grinder
  2688 | D:3      | Reached skill level 6 in Earth Magic
  2688 | D:3      | Reached XP level 6. HP: 41/41 MP: 6/12
  2762 | D:3      | Reached XP level 7. HP: 46/46 MP: 11/13
  2778 | D:3      | Found a faded altar of an unknown god.
  3039 | D:3      | Killed hattop's ghost
  3040 | D:3      | Reached skill level 5 in Spellcasting
  3256 | D:4      | Reached skill level 7 in Earth Magic
  3369 | D:4      | Found Pydaskog's Firing Range.
  3892 | D:5      | Entered Level 5 of the Dungeon
  4244 | D:5      | Reached XP level 8. HP: 52/52 MP: 12/16
  4459 | D:5      | Learned a level 4 spell: Brom's Barrelling Boulder
  4527 | D:5      | Found a blossoming altar of Fedhas.
  5237 | D:5      | Identified the +1 whip "Haomnima" {freeze, rC++}
  5584 | D:6      | Reached skill level 8 in Earth Magic
  5894 | D:6      | Reached XP level 9. HP: 16/57 MP: 3/19
  5900 | D:6      | HP: 2/57 [poisoned by a scorpion]
  5901 | D:6      | Gained mutation: You are partially covered in iridescent
                  | scales. (AC +2) [potion of mutation]
  5901 | D:6      | Gained mutation: Your body sometimes deteriorates upon
                  | taking damage. [potion of mutation]
  5901 | D:6      | Gained mutation: You have hidden genetic potential. [potion
                  | of mutation]
  5902 | D:6      | Reached skill level 9 in Earth Magic
  5902 | D:6      | Reached XP level 10. HP: 2/73 MP: 2/22
  6125 | D:6      | Reached skill level 5 in Fighting
  6125 | D:6      | Reached skill level 5 in Dodging
  6125 | D:6      | Reached skill level 10 in Earth Magic
  6125 | D:6      | Reached skill level 5 in Evocations
  6125 | D:6      | Reached XP level 11. HP: 80/80 MP: 23/23
  6392 | D:6      | Found Wyuk's Weapon Boutique.
  6428 | D:6      | Noticed Maggie
  6434 | D:6      | Killed Maggie
  7014 | D:6      | Noticed Menkaure
  7017 | D:6      | Killed Menkaure
  7255 | D:7      | Found a white marble altar of Elyvilon.
  7307 | D:7      | Gained mutation: You have sharp toenails. [hidden
                  | potential]
  7680 | D:7      | Found a hazy altar of Hepliaklqana.
  7680 | D:7      | Found a hide-covered altar of Uskayaw.
  7799 | D:7      | Found a staircase to the Ecumenical Temple.
  7925 | Temple   | Entered the Ecumenical Temple
  7945 | Temple   | Became a worshipper of Vehumet
  8320 | D:8      | Learned a level 4 spell: Petrify
  8613 | D:8      | Reached * piety under Vehumet
  8613 | D:8      | Offered knowledge of Magic Dart by Vehumet.
  9490 | D:8      | Found a stormy altar of Qazlal.
  9490 | D:8      | Found an ancient bone altar of Kikubaaqudgha.
 10080 | D:9      | Learned a level 1 spell: Magic Dart
 10432 | D:9      | Reached skill level 11 in Earth Magic
 10452 | D:9      | Reached ** piety under Vehumet
 10474 | D:9      | Offered knowledge of Kiss of Death by Vehumet.
 10752 | D:9      | Found a sparkling altar of Nemelex Xobeh.
 10987 | D:9      | Found a transporter.
 11093 | D:9      | Found a transporter.
 11379 | D:9      | Noticed a glowing orange brain
 11660 | D:9      | Found a staircase to the Orcish Mines.
 11826 | D:10     | Entered Level 10 of the Dungeon
 11838 | D:10     | Noticed a tengu warrior
 11844 | D:10     | Noticed a cyclops
 11845 | D:10     | Killed a tengu warrior
 11845 | D:10     | Offered knowledge of Frozen Ramparts by Vehumet.
 11846 | D:10     | Reached XP level 12. HP: 49/87 MP: 10/25
 12427 | D:10     | Found Varghib's General Store.
 12432 | D:10     | Bought an amulet of regeneration for 360 gold pieces
 12432 | D:10     | Bought a scroll of identify for 24 gold pieces
 12441 | D:10     | Found Zifenk's Assorted Antiques.
 12454 | D:10     | Bought a glowing robe for 144 gold pieces
 12497 | D:10     | Gained mutation: You are agile. (Dex +4, Str/Int -1)
                  | [hidden potential]
 12497 | D:10     | Lost mutation: You have hidden genetic potential. [hidden
                  | potential expressed]
 12527 | D:10     | Found an ornate altar of the Wu Jian Council.
 12541 | D:10     | Reached *** piety under Vehumet
 12699 | D:10     | Found Raihurch's Antique Weapon Shop.
 12825 | D:10     | Found Zietiuck's Jewellery Shop.
 12885 | D:10     | Noticed a boulder beetle
 12897 | D:10     | Killed a boulder beetle
 13088 | D:10     | Reached skill level 12 in Earth Magic
 13123 | D:10     | Offered knowledge of Flame Wave by Vehumet.
 14022 | D:11     | Reached skill level 10 in Spellcasting
 14200 | D:11     | Found a staircase to the Lair.
 14724 | D:11     | Noticed a skeletal warrior
 14724 | D:11     | Noticed a skeletal warrior
 14724 | D:11     | Noticed a skeletal warrior
 15052 | D:11     | Killed a skeletal warrior
 15053 | D:11     | Reached skill level 13 in Earth Magic
 15087 | D:11     | Killed a skeletal warrior
 15204 | D:11     | Killed a skeletal warrior
 15205 | D:11     | Reached XP level 13. HP: 93/93 MP: 6/27
 15630 | D:11     | Learned a level 4 spell: Flame Wave
 15753 | D:11     | Reached **** piety under Vehumet
 15970 | D:11     | You fall into a shaft and drop 1 floor!
 16508 | D:10     | Offered knowledge of Hailstorm by Vehumet.
 16881 | D:12     | Reached skill level 14 in Earth Magic
 17087 | D:12     | Noticed Maurice
 17121 | D:12     | Killed Maurice
 18520 | D:13     | Noticed a centaur warrior
 18529 | D:13     | You fall into a shaft and drop 2 floors!
 18529 | D:15     | Entered Level 15 of the Dungeon
 18877 | D:14     | Noticed a fire dragon
 18904 | D:14     | Killed a fire dragon
 18905 | D:14     | Reached skill level 15 in Earth Magic
 19128 | D:13     | Killed a centaur warrior
 19716 | D:13     | Noticed a centaur warrior
 19720 | D:13     | Killed a centaur warrior
 19950 | D:13     | Reached ***** piety under Vehumet
 19951 | D:13     | Reached XP level 14. HP: 99/99 MP: 16/29
 20236 | D:13     | Found a gate to the Vaults.
 20356 | D:13     | Offered knowledge of Arcjolt by Vehumet.
 20369 | D:13     | Learned a level 5 spell: Arcjolt
 20467 | Vaults:1 | Entered Level 1 of the Vaults
 20467 | Vaults:1 | Noticed a vault warden
 20475 | Vaults:1 | Killed a vault warden
 20774 | Vaults:1 | Noticed an ironbound thunderhulk
 20781 | Vaults:1 | Killed an ironbound thunderhulk
 20782 | Vaults:1 | Reached skill level 16 in Earth Magic
 20984 | Vaults:1 | Shot with an arrow by a centaur warrior

Illustrated notes

Levels and vault maps discovered:
D:1:      onia_arrival_mini_spirals, layout_basic, minmay_heptomino_l4
D:2:      layout_loops_corners, uniq_natasha
D:3:      layout_basic, hellmonk_ecumenical_altar_arch_garden, serial_shops,
          nicolae_shop_just_a_little_nook, ebering_ghost_disaster_area,
          serial_curves, eino_curves_03, eino_curves_03, minmay_unequal,
          uniq_grinder
D:4:      layout_loops_ring, grunt_decor_mini_mirrors, nicolae_shop_firing_range
D:5:      layout_basic, kennysheep_mini
D:6:      layout_gridville, serial_shops, shop, minmay_statues_item,
          minivault_24, uniq_menkaure, uniq_maggie
D:7:      layout_cave_pools, elyvilon_altar_5, amethyst_overflow_temple_binary,
          lemuel_temple_firewalk_a, minmay_misc_feat_tiny
D:8:      kennysheep_housing_project, layout_layer_cave,
          gammafunk_temple_overflow_elements
D:9:      layout_gridville, nemelex_spade_bored_becter, hiddenorc1_lemuel,
          gammafunk_ghost_abyssal_escape
D:10:     minmay_diamond_stairs, layout_loops_ring,
          nicolae_overflow_crystal_walls, serial_shops, shop, shop,
          nicolae_shop_overgrown_old_shop, kennysheep_little_box,
          chequers_jeans, kennysheep_boxes
D:11:     layout_gridville, minmay_lair_entry_grove
D:12:     layout_loops_ring, portal_ice_cave_demonic_guard,
          gauntlet_entry_generic, drop_trap, minivault_16,
          hangedman_abyss_or_decor_stagger, uniq_maurice
D:13:     layout_irregular_city, hellmonk_vaults_attempted_burglary
D:14:     layout_stronghold, bh_walls_and_bars
D:15:     hangedman_depths_entry_civil_slaughter, layout_basic,
          okawaru_gym_becter, evilmike_butchery
Temple:   zaba_magenta_temple
Vaults:1: nicolae_vaults_closet_pinwheel_4, vaults_mumra_chevron_long,
          hangedman_vaults_corner_blocks, gammafunk_sealed_arena,
          nicolae_vaults_layer_cake_slice, vaults_room_semicircle,
          nicolae_vaults_six-pack, nicolae_vaults_six-pack,
          nicolae_vaults_diamond_1, vaults_dpeg_cross, hangedman_vaults_maws,
          nicolae_vaults_trapezoid_lopsided_3, grunt_vaults_hallway_short,
          vaults_dpeg_encased_lava, layout_vaults_chaotic_city, serial_shops,
          shop

Skill      XL: |  1  2  3  4  5  6  7  8  9 10 11 12 13 14 |
---------------+-------------------------------------------+-----
Earth Magic    | 4 5 6 7 8 9 10 11 13 15 16 | 16.1
Spellcasting   | 3 4 5 6 8 9 10 11 | 11.9
Dodging        | 2 4 5 6 7 |  7.4
Conjurations   | 1 2 3 6 7 9 |  9.2
Transmutations | 2 6 8 9 |  9.1
Fighting       | 4 5 |  5.9
Evocations     | 4 5 |  5.5
Staves         | |  0.5
Stealth        | |  2.4

Action                     |  1- 3 |  4- 6 |  7- 9 | 10-12 | 13-15 || total
---------------------------+-------+-------+-------+-------+-------++-------
  Melee: Unarmed           |     7 |       |       |       |       ||     7
         Punch             |     1 |       |       |     1 |       ||     2
         Staff             |     1 |     2 |       |    39 |       ||    42
         Kick              |       |       |       |    12 |       ||    12
   Cast: Sandblast         |    46 |    45 |    44 |       |   147 ||   282
         Stone Arrow       |       |       |    37 |   298 |   123 ||   458
         Brom's Barrelling |       |       |       |    10 |       ||    10
         Petrify           |       |       |       |       |     1 ||     1
         Flame Wave        |       |       |       |       |     1 ||     1
Ability: Shaft Self        |       |       |       |       |     2 ||     2
  Evoke: Wand              |       |       |     6 |     2 |       ||     8
    Use: Potion            |       |       |     2 |     3 |     2 ||     7
         Scroll            |       |       |       |    14 |       ||    14
 Armour: Robe              |    14 |     6 |    35 |    51 |   113 ||   219
         Skin              |       |     3 |       |       |       ||     3
         Steam dragon scal |       |       |       |    71 |       ||    71
  Dodge: Dodged            |    10 |     3 |    32 |   167 |   208 ||   420

Table legend: (Time is in decaauts)
 A = Elapsed time spent in this place.
 B = Non-inter-level travel time spent in this place.
 C = Inter-level travel time spent in this place.
 D = Time resting spent in this place.
 E = Time spent auto-exploring this place.
 F = Levels seen in this place.
 G = Mean time per level.
                   A        B        C        D        E       F      G
               +--------+--------+--------+--------+--------+-----+--------+
         Total |  21136 |  20630 |    506 |   6094 |  11577 |  17 | 1243.3 |
       Dungeon |  20578 |  20072 |    506 |   5689 |  11553 |  15 | 1371.9 |
        Temple |     40 |     40 |      0 |      0 |      0 |   1 |   40.0 |
        Vaults |    516 |    516 |      0 |    405 |     24 |   1 |  516.0 |
               +--------+--------+--------+--------+--------+-----+--------+

Top non-repeatable levels by time:
    D:10: 2583 daAuts
     D:8: 2070 daAuts
     D:9: 1972 daAuts
    D:12: 1840 daAuts
    D:11: 1728 daAuts
    D:13: 1638 daAuts
     D:6: 1543 daAuts
     D:5: 1418 daAuts
     D:2: 1114 daAuts
     D:3: 1093 daAuts
     D:4: 1044 daAuts
     D:1: 988 daAuts
     D:7: 959 daAuts
    D:14: 532 daAuts
Vaults:1: 516 daAuts
